[Event "*** Titled Tuesday 3|2 Blitz"]
[Site "Chess.com"]
[Date "2016.09.06"]
[Round "5"]
[White "MbMaster"]
[Black "michaelq2d5"]
[Result "1-0"]
[WhiteElo "2338"]
[BlackElo "2486"]
[TimeControl "180+2"]
[EndTime "17:57:04 PDT"]
[Termination "MbMaster won by resignation"]

1. Nf3 Nf6 2. c4 e6 3. g3 d5 4. d4 Nc6 5. Bg2 dxc4 6. Qa4 Bb4+ 7. Bd2 Nd5 8. Qb5 Bxd2+ 9. Nbxd2 c3 10. bxc3 Nxc3 11.
Qd3 Nd5 12. O-O O-O 13. e3 Bd7 14. Rfc1 Re8 15. Rab1 Rb8 16. Nc4 f6 17. Qa3 Qe7 18.
Qxe7 Ndxe7 19. Nfd2 b6 20. Na3 Rec8 21. Rc2 Nd8 22.
Rbc1 c6 23. Ne4 Nd5 24. Nd6 Rc7 25. Bxd5 exd5 26. Nab5 Rcc8 27. Nxa7 Rc7 28. Nab5 Rcb7 29. Nxb7 Nxb7 30. Na7 Na5 31. Nxc6 Nxc6 32. Rxc6 Bxc6 33. Rxc6 Kf7 34. Rd6 Ra8 35. Rxb6 Rxa2 36. Rb7+ Kg6 37. Rb5 Kf5 38. Kg2 Ke4 39. Rb7 g5 40. Rxh7 g4 41. Rh4 Kf5 42. h3 gxh3+ 43. Rxh3 Rb2 44. Rh4 Rc2 45. Rf4+ Kg5 46. Kf3 f5 47. g4 fxg4+ 48.
Rxg4+ Kf5 49. Rg8 Kf6 50. Re8 Rb2 51. Re5 Rb5 52. Kf4 Ra5 53. f3 1-0

[Event "*** Titled Tuesday 3|2 Blitz"]
[Site "Chess.com"]
[Date "2016.09.06"]
[Round "5"]
[White "andryusha"]
[Black "ItalianMachine"]
[Result "1-0"]
[WhiteElo "2188"]
[BlackElo "2310"]
[TimeControl "180+2"]
[EndTime "17:57:17 PDT"]
[Termination "andryusha won by resignation"]

1. e4 e5 2. Nf3 Nc6 3. Bb5 a6 4. Ba4 Nf6 5. O-O b5 6. Bb3 Be7 7. Re1 O-O 8. d3 d6 9. a4 Bd7 10. Nc3 Na5 11. Ba2 c5 12. axb5 axb5 13. Bg5 b4 14.
Bxf6 Bxf6 15. Nd5 Be6 16. c3 Rb8 17. Qa4 b3 18. Nxf6+ Qxf6 19. Bb1 Ra8 20. Qb5 Qd8 21. d4 Bc4 22. Qa4 exd4 23. cxd4 Qb6 24. Qd7 cxd4 25.
e5 dxe5 26. Rxe5 Be6 27. Qxd4 Qxd4 28. Nxd4 Rfd8 29. Raxa5 Rxa5 30. Rxa5 h6 31. Be4 g6 32. Ra8 Rxa8 33. Bxa8 1-0

[Event "*** Titled Tuesday 3|2 Blitz"]
[Site "Chess.com"]
[Date "2016.09.06"]
[Round "5"]
[White "AllStarShark"]
[Black "GianmarcoVaR"]
[Result "0-1"]
[WhiteElo "2302"]
[BlackElo "2422"]
[TimeControl "180+2"]
[EndTime "17:57:31 PDT"]
[Termination "GianmarcoVaR won by checkmate"]

1. d4 Nf6 2. Bg5 Ne4 3. Bf4 d5 4.
Nd2 Bf5 5. e3 Nxd2 6. Qxd2 e6 7.
Bd3 Bxd3 8. Qxd3 c6 9. Nf3 Bd6 10. Bxd6 Qxd6 11. O-O Nd7 12. c4 O-O 13. cxd5 exd5 14.
Rab1 a5 15. a3 a4 16. b4 b5 17. Rbc1 Rae8 18. Qc3 Re6 19. Ne5 Nxe5 20. dxe5 Qe7 21. f4 f6 22. exf6 Rfxf6 23. Rfe1 Re4 24. Qc5 Qe8 25.
g3 h5 26. Kf2 h4 27. Qc3 Qe6 28.
Qd2 Qh3 29. Rh1 Rg6 30. Rcg1 Rge6 31. Re1 g5 32. Qd1 d4 33. Qh5 dxe3+ 34. Kf3 Rxf4+ 35.
Ke2 Qg2+ 36. Kd3 Qd2# 0-1

[Event "*** Titled Tuesday 3|2 Blitz"]
[Site "Chess.com"]
[Date "2016.09.06"]
[Round "5"]
[White "fpawn"]
[Black "fidetrainerNET"]
[Result "0-1"]
[WhiteElo "2168"]
[BlackElo "2174"]
[TimeControl "180+2"]
[EndTime "17:57:31 PDT"]
[Termination "fidetrainerNET won by resignation"]

1. e4 c5 2. Nc3 e5 3. g3 Nc6 4.
Bg2 Nf6 5. d3 h6 6. h3 d6 7. f4 g6 8. Nf3 Nh5 9. Ne2 f5 10. O-O Be7 11. c3 Be6 12. b3 Qb6 13. Kh2 O-O-O 14. Be3 g5 15. fxe5 dxe5 16. exf5 Bxf5 17.
g4 e4 18. Nd2 Qc7+ 19. Kg1 exd3 20. Rxf5 dxe2 21. Qxe2 Nf4 22. Bxf4 gxf4 23. Bxc6 bxc6 24. Qe6+ Rd7 25. Ne4 f3 26. Rd1 Rd8 27. Rf7 Kb7 28. Rxd7 Rxd7 29. Kf2 Bh4+ 30. Ke3 Rxf7 31. Nxc5+ Ka8 32.
Qe8+ Bd8 33. Ne6 Qd7 34. Qxd8+ Qxd8 35. Nxd8 f2 0-1

[Event "*** Titled Tuesday 3|2 Blitz"]
[Site "Chess.com"]
[Date "2016.09.06"]
[Round "5"]
[White "Yaacovn"]
[Black "Newlight1"]
[Result "1-0"]
[WhiteElo "2630"]
[BlackElo "2506"]
[TimeControl "180+2"]
[EndTime "17:57:35 PDT"]
[Termination "Yaacovn won by resignation"]

1. d4 Nf6 2. Nf3 e6 3. c4 d5 4.
Nc3 Be7 5. Bg5 h6 6. Bh4 O-O 7. e3 b6 8. cxd5 Nxd5 9. Nxd5 exd5 10. Bxe7 Qxe7 11. Rc1 Be6 12. Be2 c5 13. dxc5 bxc5 14. O-O Nd7 15. Qa4 Rfc8 16. Qa3 Rab8 17. Rc3 Qf6 18.
Rfc1 Rc7 19. b3 Bg4 20. h3 Bh5 21. Qa5 Qb6 22. Qa4 Nf6 23. Qf4 Qb4 24. Qxb4 Rxb4 25.
Rxc5 Rxc5 26. Rxc5 Rb6 27. g4 Bg6 28. Nd4 Rd6 29. f3 Rd7 30. Kf2 Kh7 31. b4 Re7 32. a4 Rd7 33. b5 Rd6 34. Rc7 1-0

[Event "*** Titled Tuesday 3|2 Blitz"]
[Site "Chess.com"]
[Date "2016.09.06"]
[Round "5"]
[White "Elshan1985"]
[Black "dusanacns"]
[Result "1-0"]
[WhiteElo "2591"]
[BlackElo "2546"]
[TimeControl "180+2"]
[EndTime "17:57:42 PDT"]
[Termination "Elshan1985 won on time"]

1. d4 d6 2. e4 Nf6 3. Nc3 e5 4. Nge2 exd4 5. Nxd4 Be7 6. g3 Nc6 7. Bg2 Bg4 8. Nxc6 bxc6 9. Qd3 O-O 10. h3 Be6 11.
O-O Nd7 12. f4 Nc5 13. Qe2 Rb8 14. b3 Bf6 15. Bb2 Re8 16. Rad1 Qc8 17. Kh2 Bxc3 18. Bxc3 Bd5 19. Rd4 f5 20. e5 Bxg2 21. Qxg2 d5 22. g4 Ne6 23. Ra4 Nc5 24. Rxa7 Ne4 25. Ba5 Re7 26. gxf5 Qxf5 27. Rxc7 Rxc7 28. Bxc7 Rb4 29. Qg4 g6 30. Qxf5 gxf5 31. a4 Rb7 32. Bd8 Rb8 33. Bc7 Rb7 34. Bd8 Rb8 35. Bh4 Kf7 36. Rg1 c5 37. Be1 c4 38. b4 d4 39. b5 d3 40.
cxd3 cxd3 41. Bb4 Rc8 42. b6 Rc4 43. Rb1 Rc2+ 44. Kg1 d2 45. Bxd2 Nxd2 46. b7 Nf3+ 47. Kf1 Rd2 48. Rb3 1-0

[Event "*** Titled Tuesday 3|2 Blitz"]
[Site "Chess.com"]
[Date "2016.09.06"]
[Round "5"]
[White "Rating-Schmating"]
[Black "pedromartinez91"]
[Result "0-1"]
[WhiteElo "2209"]
[BlackElo "2369"]
[TimeControl "180+2"]
[EndTime "17:57:52 PDT"]
[Termination "pedromartinez91 won by resignation"]

1. e4 e6 2. d4 d5 3. Nd2 Nf6 4. Bd3 dxe4 5. Nxe4 Nbd7 6. Nf3 Be7 7. O-O Nxe4 8. Bxe4 Nf6 9. Bd3 O-O 10. c3 b6 11.
Qc2 Bb7 12. Nd2 c5 13. dxc5 Bxc5 14. Ne4 Nxe4 15. Bxe4 Bxe4 16. Qxe4 Qf6 17. Be3 Bxe3 18. Qxe3 Rfd8 19. Rad1 Qe7 20. h3 Rac8 21. Rd4 Rxd4 22.
Qxd4 Rd8 23. Qa4 Qd7 24. Qc2 h6 25. Re1 Qd5 26. a3 Qd2 27. Re2 Qd1+ 28. Qxd1 Rxd1+ 29. Kh2 Kf8 30. Kg3 Ke7 31. Kf3 Kd6 32. Ke3 Rg1 33.
g3 e5 34. Rd2+ Ke6 35. h4 f5 36. Rd8 g5 37. hxg5 hxg5 38. Re8+ Kf6 39. Rf8+ Ke6 40. Re8+ Kd5 41. Re7 f4+ 42. gxf4 gxf4+ 43. Ke2 Rb1 44. Rd7+ Ke6 45. Rxa7 Rxb2+ 46. Ke1 Kf5 47. f3 Rb3 48. Rf7+ Ke6 49. Rb7 Kd5 50. Kd2 e4 51. fxe4+ Kxe4 52. a4 Rb2+ 53. Kc1 Ra2 54. Rxb6 Rxa4 55. Kc2 Ra2+ 56.
Kb3 Rd2 57. c4 f3 58. Rf6 f2 59. Kb4 Ke5 60. Rf8 Kd4 61. Rd8+ Ke3 62. Re8+ Kd3 63.
Rd8+ Ke2 64. Re8+ Kd1 65. Rf8 Ke1 66. Rxf2 Kxf2 67. c5 Ke3 68. Kb5 Kd4 69. c6 Kd5 70. c7 Rc2 71. Kb6 Kd6 72. c8=N+ Rxc8 0-1

[Event "*** Titled Tuesday 3|2 Blitz"]
[Site "Chess.com"]
[Date "2016.09.06"]
[Round "5"]
[White "MattyDPerrine"]
[Black "Quiet_Desperation"]
[Result "1-0"]
[WhiteElo "2211"]
[BlackElo "2216"]
[TimeControl "180+2"]
[EndTime "17:57:52 PDT"]
[Termination "MattyDPerrine won by resignation"]

1. d4 Nf6 2. c4 e6 3. Nc3 Bb4 4. Qc2 Nc6 5. Nf3 d6 6. g3 Qe7 7.
Bg2 h6 8. O-O Bxc3 9. Qxc3 O-O 10.
b3 Ne4 11. Qc2 f5 12. Bb2 Bd7 13. a3 e5 14. dxe5 dxe5 15. Nh4 Ng5 16. Ng6 Qf6 17. Bd5+ Kh7 18. Nxf8+ Rxf8 19. f4 Nf7 20. e4 Qg6 21. fxe5 Nfxe5 22. exf5 Bxf5 23. Rxf5 Rxf5 24. Be4 Nf3+ 25.
Kh1 Nfd4 26. Bxd4 Nxd4 27. Bxf5 Nxf5 28. Qg2 c6 29. Re1 h5 30. Qe4 Kh6 31. Kg2 Qf6 32. Qe6 Kg6 33. Qxf6+ Kxf6 34. Re4 g5 35. Re8 Nd4 36. Ra8 Nxb3 37. Rxa7 Nc5 38. Ra5 b6 39.
Ra8 Ke5 40. Rg8 Kd4 41. Rxg5 Kxc4 42. Rxh5 Kb3 43. Rh6 Kxa3 44. Rxc6 Na4 45. h4 Kb4 46. h5 Kb5 47. Rc2 Nc5 48. h6 1-0

[Event "*** Titled Tuesday 3|2 Blitz"]
[Site "Chess.com"]
[Date "2016.09.06"]
[Round "5"]
[White "hypert"]
[Black "jposthuma"]
[Result "1-0"]
[WhiteElo "2335"]
[BlackElo "2161"]
[TimeControl "180+2"]
[EndTime "17:57:55 PDT"]
[Termination "hypert won by resignation"]

1. e4 c6 2. Nf3 d5 3. Nc3 Nf6 4. e5 Ne4 5. d4 c5 6. dxc5 Nxc3 7. bxc3 Bg4 8. Bb5+ Nc6 9. Bxc6+ bxc6 10. Be3 e6 11. O-O Qa5 12. c4 Bxc5 13. cxd5 Bxe3 14. fxe3 Qxd5 15.
Qd4 Bxf3 16. Rxf3 O-O 17. Qf4 Rab8 18. c4 Qd3 19. Raf1 Rb1 20. Qd4 Rxf1+ 21. Rxf1 Qxd4 22. exd4 Rd8 23. Rd1 f6 24. exf6 gxf6 25. Kf2 e5 26. Ke3 Kf7 27. Rd2 Ke6 28. dxe5 Rxd2 29. Kxd2 Kxe5 30. Ke3 c5 31. g4 f5 32. g5 Kd6 33.
Kf4 Ke6 34. h3 a6 35. a3 a5 36. a4 Kf7 37. Kxf5 Kg7 38. h4 Kf7 39. h5 Kg7 40. g6 hxg6+ 41. hxg6 Kg8 42. Kf6 Kf8 43. Ke5 Kg7 44.
Kd5 Kxg6 45. Kxc5 Kf7 46. Kb6 Ke7 47. c5 Kd7 48. Kb7 1-0

[Event "*** Titled Tuesday 3|2 Blitz"]
[Site "Chess.com"]
[Date "2016.09.06"]
[Round "5"]
[White "IamSchrodingersCat"]
[Black "Kouzari"]
[Result "0-1"]
[WhiteElo "2264"]
[BlackElo "2467"]
[TimeControl "180+2"]
[EndTime "17:58:03 PDT"]
[Termination "Kouzari won by resignation"]

1. e4 e6 2. d4 d5 3. Nc3 Nf6 4. Bg5 dxe4 5. Nxe4 Be7 6. Bxf6 gxf6 7. Nf3 f5 8. Nc3 Qd6 9. g3 Qb6 10. Qd2 Qxb2 11.
Rb1 Qa3 12. Bg2 c6 13. O-O Nd7 14. Rfe1 O-O 15. Ne5 Nxe5 16. dxe5 Rd8 17. Qe3 Qc5 18. Qf3 Bf8 19. Qf4 Bg7 20. Re3 Rd4 21. Qg5 h6 22. Qh5 Rc4 23. Rd1 Qe7 24. h4 Bd7 25.
Bf1 Rc5 26. f4 Be8 27. Qf3 Rd8 28. Red3 Rxd3 29. Rxd3 Rc4 30. a3 a5 31. Rd6 Rxc3 32.
Qxc3 Qxd6 0-1

[Event "*** Titled Tuesday 3|2 Blitz"]
[Site "Chess.com"]
[Date "2016.09.06"]
[Round "5"]
[White "ChessFrois"]
[Black "Kawhi_Leonard2"]
[Result "0-1"]
[WhiteElo "2022"]
[BlackElo "2039"]
[TimeControl "180+2"]
[EndTime "17:58:04 PDT"]
[Termination "Kawhi_Leonard2 won on time"]

1. e4 c5 2. Nf3 d6 3. d4 cxd4 4. Nxd4 Nf6 5. Nc3 g6 6. Be3 Bg7 7. f3 O-O 8. Qd2 Nc6 9. O-O-O d5 10. exd5 Nxd5 11. Nxc6 bxc6 12. Bd4 e5 13. Bc5 Be6 14.
Ne4 Re8 15. Bc4 h6 16. g4 Qc7 17. h4 Rad8 18. Qf2 Nf4 19. Bxe6 Nxe6 20. g5 h5 21. Qe3 Nd4 22. Nf6+ Bxf6 23. gxf6 Nf5 24. Qg5 Qa5 25.
Ba3 Rd5 26. Rhg1 Red8 27. Rxd5 Qxd5 28. b3 Qxf3 29. Be7 Rd4 30. Bc5 Rxh4 31. Rd1 Rh1 32. Qd2 Rxd1+ 33. Qxd1 Qxd1+ 34. Kxd1 a6 35. Ke2 e4 36. c4 g5 0-1

[Event "*** Titled Tuesday 3|2 Blitz"]
[Site "Chess.com"]
[Date "2016.09.06"]
[Round "5"]
[White "Rumpel-VK"]
[Black "spirals5"]
[Result "1-0"]
[WhiteElo "2440"]
[BlackElo "2263"]
[TimeControl "180+2"]
[EndTime "17:58:05 PDT"]
[Termination "Rumpel-VK won by checkmate"]

1. e4 c5 2. g3 e6 3. Bg2 Nc6 4. d3 Nf6 5. f4 d5 6. e5 Nd7 7. Nf3 Be7 8. O-O O-O 9. c4 dxc4 10. dxc4 Nb6 11. b3 Qxd1 12. Rxd1 Rd8 13. Rxd8+ Nxd8 14. Nc3 Bd7 15. Be3 Bc6 16. Rd1 h6 17. Nd2 Bxg2 18. Kxg2 Rc8 19. Nde4 a6 20. Kf3 Kf8 21. g4 Ke8 22.
Nd6+ Bxd6 23. Rxd6 Nd7 24. Ne4 Ke7 25. h4 b6 26. h5 Nb7 27. Rd1 Nb8 28. Nc3 Rd8 29.
Rg1 Kd7 30. g5 hxg5 31. Rxg5 Rg8 32. h6 g6 33. Ne4 Rh8 34. Nf6+ Ke7 35. Rg1 Nd7 36.
Bc1 Nxf6 37. exf6+ Kd7 38. f5 exf5 39. Bf4 Kc6 40.
Re1 Nd6 41. Re7 Rh7 42. a4 a5 43. Ke3 Ne4 44. Rc7# 1-0

[Event "*** Titled Tuesday 3|2 Blitz"]
[Site "Chess.com"]
[Date "2016.09.06"]
[Round "5"]
[White "psv98"]
[Black "E-Shaposhnikov"]
[Result "0-1"]
[WhiteElo "2538"]
[BlackElo "2676"]
[TimeControl "180+2"]
[EndTime "17:58:20 PDT"]
[Termination "E-Shaposhnikov won by resignation"]

1. Nf3 c5 2. g3 Nc6 3. Bg2 g6 4. c4 Bg7 5. Nc3 Nh6 6. O-O Nf5 7. e3 b6 8. d4 cxd4 9. Nxd4 Nfxd4 10. exd4 Bxd4 11.
Bh6 Bb7 12. Re1 Bxc3 13. bxc3 Qc7 14. Bg7 Rg8 15. Bf6 O-O-O 16. Bxe7 Rde8 17. Bf6 Na5 18. Bxb7+ Nxb7 19. Qd5 Re6 20. Rxe6 fxe6 21. Qd4 Na5 22. Qh4 h5 23. Qe4 Qc6 24. Qxc6+ Nxc6 25. Re1 Rf8 26. Bg5 Rf5 27. Be3 Ne5 28. Kg2 Nxc4 29. Bc1 Re5 30. Rxe5 Nxe5 31. f4 Nf7 32. Kf3 Kb7 33.
Ke4 Kc6 34. Ba3 Kb5 35. Kd4 d6 36. h3 Kc6 37. c4 Nh6 38. Ke4 Nf5 39. g4 hxg4 40.
hxg4 Nh6 41. Kf3 d5 42. Bf8 Nf7 43. cxd5+ Kxd5 44. Ke3 b5 45. Bb4 a6 46. Kd3 Nh6 47.
g5 Nf7 48. Kc3 Nd8 49. Be7 Nc6 50. Bf6 Ke4 51. Kd2 Kxf4 52. Kd3 e5 53. Kc3 e4 0-1

[Event "*** Titled Tuesday 3|2 Blitz"]
[Site "Chess.com"]
[Date "2016.09.06"]
[Round "5"]
[White "Alexander_Moskalenko"]
[Black "Gabrielian_Artur"]
[Result "1/2-1/2"]
[WhiteElo "2650"]
[BlackElo "2532"]
[TimeControl "180+2"]
[EndTime "17:58:24 PDT"]
[Termination "Game drawn - insufficient material"]

1. b3 Nf6 2. Bb2 g6 3. g3 Bg7 4. Bg2 O-O 5. e3 d5 6. Ne2 c5 7. d3 Nc6 8. Nd2 e5 9. h3 b6 10. g4 h6 11. Ng3 Re8 12. a3 Bb7 13. Qe2 Nd4 14. Qd1 Nc6 15. h4 Qd6 16. g5 hxg5 17.
hxg5 Nh7 18. Qg4 Qe7 19. Rxh7 Kxh7 20. O-O-O Qe6 21. Qh4+ Kg8 22. Rh1 Kf8 23. Qh7 Rad8 24. Bh3 Qd6 25. f4 Bc8 26. Bxc8 Rxc8 27. f5 gxf5 28.
Nxf5 Qg6 29. Qxg6 fxg6 30. Nd6 Kg8 31. Nxc8 Rxc8 32. c4 d4 33. exd4 exd4 34. Rf1 Ne5 35. Kc2 Re8 36. Ne4 Ng4 37. Bc1 a6 38. b4 Ne3+ 39. Bxe3 dxe3 40. Kd1 cxb4 41. axb4 a5 42. bxa5 bxa5 43. Ke2 a4 44. Nf6+ Bxf6 45. gxf6 Kf7 46. Ra1 Ra8 47. Kxe3 Kxf6 48. d4 g5 49. Ra3 Kf5 50.
c5 g4 51. c6 Ke6 52. Ke4 Kd6 53. d5 Ra7 54. Kf4 Kxd5 55. c7 Rxc7 56. Rxa4 Rc4+ 57. Rxc4 Kxc4 58. Kxg4 1/2-1/2

[Event "*** Titled Tuesday 3|2 Blitz"]
[Site "Chess.com"]
[Date "2016.09.06"]
[Round "5"]
[White "Bishops83"]
[Black "rithwik2002"]
[Result "1-0"]
[WhiteElo "2262"]
[BlackElo "1929"]
[TimeControl "180+2"]
[EndTime "17:58:36 PDT"]
[Termination "Bishops83 won by resignation"]

1. e4 c5 2. Nc3 Nc6 3. Bb5 Nd4 4. Nf3 Nxb5 5. Nxb5 d6 6. d4 Nf6 7. Nc3 cxd4 8. Qxd4 g6 9. e5 dxe5 10. Qxd8+ Kxd8 11.
Nxe5 Ke8 12. Be3 Bg7 13. Bd4 Be6 14. O-O-O Rd8 15. Rhe1 a6 16. h3 h5 17. Nxg6 Bh6+ 18.
Kb1 Rg8 19. Nh4 Bg5 20. Nf3 Bh6 21. Bxf6 exf6 22. g3 Rxd1+ 23. Nxd1 Kd7 24. h4 f5 25. Nc3 f4 26. Ne2 Kc7 27. Ne5 fxg3 28. fxg3 Re8 29. Nd3 Bd5 30. Nc3 Rxe1+ 31. Nxe1 Kd6 32. Nd3 Bf3 33.
Ne1 Bc6 34. Nd3 Ke6 35. Ne2 Kf5 36. Nd4+ Kg4 37. Ne5+ Kxg3 38. Nexc6 bxc6 39. Nf5+ Kg4 40. Nxh6+ Kxh4 41. Kc1 Kg3 42. Kd2 h4 43. Nf5+ Kg4 44.
Nd6 h3 45. Ke2 h2 46. Ne4 h1=Q 47. Nf2+ Kf4 48. Nxh1 1-0

[Event "*** Titled Tuesday 3|2 Blitz"]
[Site "Chess.com"]
[Date "2016.09.06"]
[Round "5"]
[White "tabarex"]
[Black "steinitz_attack"]
[Result "0-1"]
[WhiteElo "1851"]
[BlackElo "1802"]
[TimeControl "180+2"]
[EndTime "17:58:45 PDT"]
[Termination "steinitz_attack won by checkmate"]

1. d4 Nf6 2. Bg5 Ne4 3. Be3 d5 4. f3 Nf6 5. Nc3 Bf5 6. Qd2 e6 7. Bg5 Be7 8. e3 a6 9. Bd3 Nbd7 10. Bxf5 exf5 11. Nge2 O-O 12. Ng3 g6 13. Bh6 Re8 14. O-O-O b5 15. h4 b4 16. Nce2 Nb6 17. b3 a5 18. h5 a4 19. hxg6 fxg6 20. e4 axb3 21. cxb3 fxe4 22. fxe4 c5 23. e5 Ng4 24. Rdf1 Nxh6 25.
Rf6 Ng4 26. Rhf1 Bxf6 27. exf6 Nxf6 28. Nf4 c4 29. Qxb4 cxb3 30. Qxb3 Nc4 31. Qd3 Rxa2 32. Nxg6 Re3 33. Qf5 Rxg3 34. Qe6+ Kg7 35. Ne5 Rc3+ 36.
Kd1 Ra1+ 37. Ke2 Rc2+ 38. Kf3 Rxf1+ 39. Kg3 Ne4+ 40. Kh2 Qh4+ 41. Qh3 Qxh3+ 42. Kxh3 Nf2+ 43. Kh4 Nxe5 44. dxe5 Nd3 45. e6 Re2 46. e7 Rxe7 47. g4 Rh1+ 48. Kg5 Rhe1 49. Kh4 R7e4 50. Kh5 Ne5 51. g5 Rh1# 0-1

[Event "*** Titled Tuesday 3|2 Blitz"]
[Site "Chess.com"]
[Date "2016.09.06"]
[Round "5"]
[White "ruifeng"]
[Black "cheese111"]
[Result "1/2-1/2"]
[WhiteElo "2342"]
[BlackElo "2266"]
[TimeControl "180+2"]
[EndTime "17:58:50 PDT"]
[Termination "Game drawn by repetition"]

1. e4 e5 2. Nf3 Nc6 3. Bb5 a6 4. Ba4 Nf6 5. O-O b5 6. Bb3 Bc5 7. d3 d6 8. Be3 Bxe3 9. fxe3 Na5 10. Qe1 Nxb3 11. axb3 O-O 12. Nc3 Be6 13. Nh4 g6 14. Nf3 Nd7 15. Qg3 Kg7 16. Ng5 h6 17. Nxe6+ fxe6 18. b4 c5 19. bxc5 Nxc5 20. Rxf8 Qxf8 21. Rf1 Qe7 22. d4 b4 23. dxc5 bxc3 24. cxd6 Qxd6 25.
bxc3 a5 26. Qf2 Rf8 27. Qe2 Rxf1+ 28. Kxf1 a4 29. Qb5 Qd1+ 30. Kf2 Qxc2+ 31. Kf3 Qb3 32.
Qd7+ Kg8 33. Qc8+ Kg7 34. c4 a3 35. Qd7+ Kf8 36. Qd6+ Kg7 37. Qxe5+ Kf7 38. Qc7+ Kg8 39. Qd8+ Kf7 40. Qd7+ Kf8 41. Qd8+ Kf7 42. Qc7+ Kf8 43. e5 a2 44. Qd8+ Kf7 45. Qd7+ Kf8 46. Qd8+ Kf7 47. Qd7+ Kf8 48. Qd8+ 1/2-1/2

[Event "*** Titled Tuesday 3|2 Blitz"]
[Site "Chess.com"]
[Date "2016.09.06"]
[Round "5"]
[White "Iball95"]
[Black "saraswathii"]
[Result "1-0"]
[WhiteElo "2473"]
[BlackElo "2115"]
[TimeControl "180+2"]
[EndTime "17:58:50 PDT"]
[Termination "Iball95 won by resignation"]

1. Nf3 Nc6 2. d4 d5 3. g3 Bf5 4. Bg2 Qd7 5. h3 O-O-O 6. g4 Bg6 7. Bf4 f6 8. Na3 Re8 9. O-O e5 10. dxe5 fxe5 11. Bg3 Nf6 12. c4 d4 13. Qa4 e4 14.
Nh4 Bd6 15. Bxd6 Qxd6 16. Nb5 Qc5 17. b4 Nxb4 18. Nxa7+ Kb8 19. Rab1 Qxa7 20. Qxb4 Re6 21. c5 Rd8 22. Rfc1 Kc8 23. Rb3 Bf7 24. Nf5 Ra6 25. Rb2 g6 26. Nxd4 Nd5 27. Qd2 Ra4 28. e3 Nf6 29. c6 b6 30. Qc3 Nd5 31. Qc2 Re8 32. Rd1 Nb4 33. Qd2 Nd3 34. Rc2 Rxa2 35. Bxe4 Rxc2 36.
Qxc2 Nb4 37. Qb1 Qa5 38. Bg2 Bd5 39. Bxd5 Nxd5 40. Qb2 Nc3 41. Ra1 Na4 42. Qb3 1-0

[Event "*** Titled Tuesday 3|2 Blitz"]
[Site "Chess.com"]
[Date "2016.09.06"]
[Round "5"]
[White "SidArun"]
[Black "WinnieTPooh"]
[Result "1-0"]
[WhiteElo "2020"]
[BlackElo "1848"]
[TimeControl "180+2"]
[EndTime "17:58:58 PDT"]
[Termination "SidArun won by resignation"]

1. e4 c5 2. c3 Nf6 3. e5 Nd5 4.
d4 d6 5. Nf3 cxd4 6. cxd4 Nc6 7.
Bc4 Nb6 8. Bb5 a6 9. Bxc6+ bxc6 10. Nc3 Bg4 11. h3 Bh5 12. O-O e6 13. Bf4 d5 14. b3 c5 15. Rc1 Rc8 16. Be3 cxd4 17. Bxd4 Ba3 18. Rc2 O-O 19. Qe2 Qc7 20. Qe3 Nd7 21.
Ne1 Bg6 22. Nxd5 Qb7 23. Rxc8 Rxc8 24. Nc3 a5 25. Nd3 h6 26. Nf4 Bf5 27. g4 Bh7 28. Nfe2 Nc5 29. f4 Nd3 30. f5 Nb4 31. Qe4 Qa6 32.
Rf2 Nc6 33. Ng3 Nxd4 34. Qxd4 Bc5 35. Qd2 Qa7 36. Nce4 Bxf2+ 37. Qxf2 Qxf2+ 38. Kxf2 Rc2+ 39.
Ke3 Rxa2 40. fxe6 fxe6 41. Nc5 Kf7 42. Ne2 Ra3 43. Nd4 a4 44. Nxa4 Ke7 45. Nc5 Bg8 46. Kf4 g5+ 47. Ke4 Ra5 48. Nc6+ Ke8 49. Nxa5 1-0

[Event "*** Titled Tuesday 3|2 Blitz"]
[Site "Chess.com"]
[Date "2016.09.06"]
[Round "5"]
[White "ShimanovAlex"]
[Black "danir29"]
[Result "1-0"]
[WhiteElo "2557"]
[BlackElo "2408"]
[TimeControl "180+2"]
[EndTime "17:59:01 PDT"]
[Termination "ShimanovAlex won by resignation"]

1. d4 d5 2. Bf4 Nf6 3. e3 e6 4. Nd2 c5 5. c3 Nc6 6. Bd3 Bd6 7.
Bxd6 Qxd6 8. f4 b6 9. Ngf3 Bb7 10. Ne5 O-O 11. O-O Ne7 12. Qf3 Ne8 13. Qh3 g6 14.
Ndf3 f6 15. Ng4 Nf5 16. Rae1 Qe7 17. Nh6+ Kg7 18. Ng4 Ned6 19. Nf2 Ne4 20. g4 Nfd6 21. g5 fxg5 22. Bxe4 gxf4 23. Bd3 fxe3 24. Rxe3 Nf5 25. Bxf5 Rxf5 26. Ng4 Raf8 27. Ree1 Ba6 28. Rf2 Bd3 29. Nfe5 Rxf2 30. Nxf2 Bf5 31. Qg3 cxd4 32. cxd4 Qb4 33. Qc3 Qxc3 34. bxc3 Rc8 35. Re3 g5 36. h3 h5 37. Kf1 Kf6 38. Ke2 b5 39. Kd2 b4 40.
Nd7+ Ke7 41. Nc5 a5 42. cxb4 axb4 43. Kc1 Ra8 44. Kb2 Kd6 45. Nb3 Rc8 46. Nc5 g4 47. hxg4 hxg4 48. Nh1 Rh8 49. Ng3 Rh3 50. Kb3 Bb1 51.
Kxb4 Bxa2 52. Rxe6+ Kc7 53. Nf5 Bb1 54. Ne3 Be4 55.
Nxg4 Rh4 56. Ne3 Bd3 57. Nxd5+ Kd8 58. Rd6+ Ke8 59. Nc7+ Ke7 60. Rd7+ Kf6 61. Nxd3 1-0

[Event "*** Titled Tuesday 3|2 Blitz"]
[Site "Chess.com"]
[Date "2016.09.06"]
[Round "5"]
[White "theprosecution1"]
[Black "ZapataCharlesS"]
[Result "0-1"]
[WhiteElo "2451"]
[BlackElo "2582"]
[TimeControl "180+2"]
[EndTime "17:59:17 PDT"]
[Termination "ZapataCharlesS won on time"]

1. d4 Nf6 2. c4 e5 3. dxe5 Ne4 4.
a3 Nc6 5. Nf3 d6 6. Qc2 Bf5 7.
Nc3 Nxf2 8. Qxf5 g6 9. Qf4 Nxh1 10. Nd5 Bg7 11. Nf6+ Kf8 12. Ng5 Nxe5 13. Ngxh7+ Rxh7 14. Nxh7+ Kg8 15. Ng5 Qe7 16. e4 f6 17. Nf3 f5 18.
Be2 Re8 19. Qg5 Nxf3+ 20. gxf3 fxe4 21. Qxe7 Rxe7 22. fxe4 Rxe4 23. Kf1 Rh4 24. Kg2 Be5 25. h3 Ng3 26. Bf3 Rd4 27. Be3 Rd3 28. Re1 Kg7 29.
Bxb7 Nf5 30. Bxa7 Rd2+ 31. Kf3 Rxb2 32. Be4 Rb3+ 33. Ke2 Rxa3 34. Bf2 Rxh3 35. c5 Kf6 36. cxd6 cxd6 37. Rd1 Ra3 38. Kf1 Ra2 39. Bd5 Ra5 40.
Be4 g5 41. Bb6 Ra4 42. Bd8+ Kf7 43. Bxf5 Rf4+ 44. Ke2 Rxf5 45. Ke3 g4 46. Bh4 Rf3+ 47. Ke4 Ke6 48. Bg5 Ra3 49. Be3 d5+ 50. Rxd5 Rxe3+ 51. Kxe3 Kxd5 0-1

[Event "*** Titled Tuesday 3|2 Blitz"]
[Site "Chess.com"]
[Date "2016.09.06"]
[Round "5"]
[White "tigra"]
[Black "wonderfultime"]
[Result "1/2-1/2"]
[WhiteElo "2459"]
[BlackElo "2685"]
[TimeControl "180+2"]
[EndTime "17:59:25 PDT"]
[Termination "Game drawn by repetition"]

1. e4 c5 2. Nf3 d6 3. d4 cxd4 4. Nxd4 Nf6 5. Nc3 g6 6. Be3 Bg7 7. f3 O-O 8. Qd2 Nc6 9. O-O-O d5 10. exd5 Nxd5 11. Nxc6 bxc6 12. Bd4 e5 13. Bc5 Be6 14. Ne4 Re8 15. Bc4 Qc7 16. Bb3 Red8 17. Ng5 Bh6 18. Kb1 Bf5 19. g4 Bxg5 20. Qxg5 Be6 21. h4 f6 22. Qc1 a5 23. Ka1 a4 24. Bc4 Qf7 25.
h5 g5 26. a3 Nf4 27. Rxd8+ Rxd8 28. Bxe6 Qxe6 29. Rd1 Rd5 30. Be3 Ne2 31. Qb1 e4 32. c4 Rxd1 33. Qxd1 exf3 34. Qd8+ Kg7 35. Bc5 Qf7 36.
Qd3 Nc1 37. Qe3 Nb3+ 38. Kb1 Qxc4 39. h6+ Kxh6 40. Bf8+ Kg6 41. Qe8+ Qf7 42. Qe4+ f5 43. Qxc6+ Qf6 44. Qe8+ Qf7 45. Qc6+ Qf6 46. Qe8+ Qf7 47. Qc6+ Qf6 1/2-1/2

[Event "*** Titled Tuesday 3|2 Blitz"]
[Site "Chess.com"]
[Date "2016.09.06"]
[Round "5"]
[White "MaestroASK"]
[Black "yurisolo"]
[Result "1/2-1/2"]
[WhiteElo "2475"]
[BlackElo "2489"]
[TimeControl "180+2"]
[EndTime "17:59:49 PDT"]
[Termination "Game drawn by agreement"]

1. g3 d5 2. d3 c6 3. e4 Nf6 4.
Bg2 Bg4 5. f3 Bc8 6. Nh3 g6 7. Nf2 Bg7 8. O-O e5 9. Qe2 O-O 10. c3 Re8 11. Rd1 Nbd7 12. Nd2 Qc7 13. Nb3 a5 14. a4 b6 15. Qc2 Bb7 16. Be3 c5 17. c4 d4 18. Bc1 Nb8 19. Bd2 Nc6 20.
Nc1 Bc8 21. b3 Nb4 22. Qb1 h5 23. h4 Kh7 24. Na2 Nc6 25. Bh3 Bh6 26. Bxh6 Kxh6 27.
Qc1+ Kg7 28. Kg2 Ng8 29. Bxc8 Raxc8 30. Nh3 f6 31. Rf1 Nh6 32. Qd2 Qd7 33. Rae1 Re7 34. Re2 Rf8 35. Rfe1 Ref7 36. Rf2 Nd8 37. Nc1 Ne6 38.
Ref1 f5 39. exf5 gxf5 40. Re1 Qd6 41. Qe2 Kf6 42. Ng5 Rg7 43. Nxe6 Qxe6 44. Kh2 Rfg8 45. Rg2 f4 46. Reg1 fxg3+ 47. Rxg3 Rxg3 48. Rxg3 Rxg3 49. Kxg3 Nf5+ 50. Kh2 Nxh4 51. Qe4 Ng6 52. Ne2 Kg7 53. Kg3 Qf6 54. Kh3 Kh6 55. Kg3 Nf4 56. Nxf4 Qxf4+ 57. Qxf4+ exf4+ 58. Kh4 Kg6 59. Kh3 Kg5 60. Kh2 Kh4 61.
Kg2 Kg5 62. Kh2 1/2-1/2